Map: Abyssal Reef LE

Players

Serral - Winner!

  • Race: Zerg Zerg
  • League: Master
  • Spawn Location: 5:00

LiquidSnute (Snute)

  • Race: Zerg Zerg
  • League: Master
  • Spawn Location: 11:00

Event: HomeStory Cup XV

VOD

Have the link to the VOD?

Description

Time

  • Played on: July 22, 2017, 9:54 a.m.
  • Length: 13:39

All games in this series

Show
View Real Time Build Order
Export as new Build Order

Serral Zerg - Winner!

Build Orders: Hatch First 

Get SALT Encoding   

  12  0:00  Drone  
  13  0:13  Overlord  
  13  0:17  Drone  
  14  0:31  Drone  
  14  0:32  Drone  
  16  0:35  Drone  
  17  0:54  Hatchery  
  17  0:56  Drone  
  17  0:58  Drone  
  18  1:09  Extractor  
  17  1:13  Spawning Pool  
  17  1:16  Drone  
  17  1:21  Drone  
  18  1:28  Drone  
  19  1:41  Overlord  
  19  1:51  Drone  
  20  1:59  Queen  
  20  2:01  Zergling x2  
  23  2:05  Queen  
  23  2:06  Drone  
  26  2:09  Metabolic Boost  
  26  2:12  Drone  
  27  2:17  Drone  
  28  2:26  Zergling x2  
  29  2:31  Zergling x2  
  30  2:38  Drone  
  30  2:41  Hatchery  
  30  2:49  Drone  
  30  2:50  Baneling Nest  
  30  2:53  Overlord  
  30  2:55  Drone  
  31  3:01  Drone  
  31  3:02  Drone  
  31  3:05  Drone  
  33  3:08  Drone  
  33  3:09  Drone  
  35  3:14  Zergling x4  
  35  3:16  Drone  
  38  3:20  Overlord  
  38  3:22  Drone  
  38  3:24  Drone  
  40  3:28  Drone x2  
  42  3:35  Zergling x2  
  42  3:41  Overlord  
  43  3:45  Evolution Chamber  
  43  3:46  Drone x4  
  46  3:50  Queen  
  48  3:56  Overlord  
  48  4:01  Extractor, Drone x2  
  49  4:05  Drone x2  
  49  4:07  Overlord  
  51  4:11  Drone  
  51  4:14  Drone  
  51  4:16  Drone  
  53  4:18  Drone x2, Overlord  
  53  4:22  Zerg Missile Weapons Level 1  
  54  4:26  Overlord  
  54  4:27  Drone x2  
  55  4:33  Extractor  
  55  4:36  Baneling x2, Zergling x6  
  55  4:37  Zergling x2  
  58  4:43  Roach Warren  
  56  4:45  Lair  
  56  4:46  Baneling  
  56  4:48  Zergling x2  
  55  5:03  Zergling x8  
  55  5:04  Drone x3  
  55  5:05  Drone x2  
  62  5:09  Drone x2  
  62  5:10  Drone x2  
  62  5:13  Drone x3  
  69  5:16  Drone  
  69  5:20  Extractor  
  69  5:22  Baneling x2, Drone x3  
  69  5:25  Drone  
  73  5:28  Overlord  
  73  5:35  Hatchery  
  71  5:36  Drone x2  
  71  5:38  Extractor  
  71  5:42  Drone x2  
  73  5:44  Drone  
  73  5:47  Overlord  
  73  5:48  Glial Reconstitution  
  73  5:50  Drone x2  
  73  5:54  Drone x2  
  73  5:55  Overlord  
  74  5:57  Drone x3  
  74  5:58  Extractor, Drone  
  74  6:00  Overlord  
  77  6:07  Roach x2, Drone  
  77  6:08  Roach  
  77  6:10  Overseer  
  84  6:12  Roach x2  
  88  6:18  Overlord  
  88  6:19  Zerg Missile Weapons Level 2  
  88  6:21  Roach x3  
  88  6:22  Roach  
  96  6:31  Overlord x2  
  96  6:33  Pneumatized Carapace  
  96  6:38  Roach x4  
  103  6:42  Overlord  
  103  6:46  Drone x2  
  103  6:47  Queen  
  105  6:51  Roach x5  
  119  7:01  Roach x5  
  119  7:02  Roach x2  
  119  7:05  Ravager  
  119  7:06  Ravager x3  
  119  7:08  Overlord  
  135  7:12  Overseer  
  135  7:14  Roach x5  
  145  7:24  Roach  
  145  7:25  Roach x5  
  145  7:29  Overlord x2  
  157  7:35  Roach x4  
  165  7:39  Roach x3  
  171  7:45  Roach  
  171  7:46  Roach  
  175  7:53  Overlord  
  175  8:06  Roach x8  
  191  8:14  Infestation Pit  
  191  8:16  Overseer  
  190  8:22  Hatchery, Roach x5  
  191  8:41  Roach x6  
  199  8:52  Hive  
  195  9:02  Roach x7  
  187  9:11  Overlord  
  187  9:14  Overlord  
  179  9:20  Roach x4  
  179  9:21  Roach  
  156  9:34  Roach x4  
  156  9:35  Roach x14  
  156  9:37  Ravager x2  
  156  9:38  Ravager x2  
  180  9:52  Extractor, Queen  
  179  9:53  Extractor, Drone x3  
  183  10:05  Viper  
  183  10:06  Viper x2  
  192  10:12  Hydralisk Den  
  191  10:20  Roach  
  191  10:21  Roach x6  
  189  10:29  Overseer  
  189  10:30  Overseer  
  189  10:31  Overseer  
  189  10:33  Ravager  
  189  10:34  Spine Crawler x2  
  188  10:39  Roach x6  
  200  10:46  Muscular Augments  
  194  10:52  Extractor  
  194  10:56  Hydralisk, Zerg Missile Weapons Level 3  
  194  10:57  Hydralisk x2  
  193  11:02  Drone  
  200  11:05  Hatchery  
  200  11:07  Tunneling Claws  
  200  11:08  Burrow  
  200  11:09  Overlord x2  
  199  11:19  Overlord  
  195  11:33  Roach x2  
  195  11:44  Roach x3  
  197  11:55  Hydralisk x2  
  197  11:56  Roach x3  
  189  12:08  Roach x16  
  200  12:15  Roach  
  199  12:16  Roach x3  
  183  12:34  Roach x4  
  183  12:35  Roach x11  
  182  12:46  Roach  
  182  12:48  Roach x6  
  182  12:49  Roach x14  
  173  12:56  Roach  
  173  12:57  Roach x11  
  174  13:05  Hydralisk  
  174  13:06  Hydralisk  
  173  13:13  Roach x2  
  173  13:17  Roach x2  
Show
View Real Time Build Order
Export as new Build Order

LiquidSnute Zerg 

Build Orders: Hatch First 

Get SALT Encoding   

  12  0:00  Drone  
  13  0:12  Overlord  
  13  0:17  Drone  
  14  0:30  Drone x2  
  14  0:34  Drone  
  17  0:52  Hatchery  
  17  0:54  Drone  
  17  1:08  Spawning Pool  
  17  1:09  Extractor  
  15  1:12  Drone  
  15  1:15  Drone  
  17  1:19  Drone  
  18  1:28  Drone  
  19  1:38  Overlord  
  19  1:54  Queen  
  19  1:55  Zergling x2  
  19  2:00  Zergling x2  
  23  2:03  Queen  
  23  2:04  Zergling x2  
  26  2:09  Metabolic Boost  
  26  2:10  Drone  
  27  2:16  Drone  
  27  2:21  Drone  
  29  2:25  Drone  
  30  2:32  Drone  
  31  2:38  Drone  
  32  2:48  Hatchery  
  31  2:52  Baneling Nest  
  31  2:53  Overlord  
  31  2:58  Drone x2  
  31  3:01  Drone  
  31  3:03  Drone  
  33  3:06  Drone  
  33  3:11  Drone x2  
  36  3:13  Zergling x2  
  36  3:16  Drone  
  36  3:18  Drone  
  39  3:25  Queen  
  41  3:30  Zergling x2  
  41  3:33  Overlord  
  43  3:34  Drone  
  43  3:36  Baneling x2  
  43  3:40  Overlord  
  43  3:49  Overlord  
  43  3:52  Drone x5  
  43  3:54  Baneling x2  
  47  3:57  Zergling x4  
  47  4:00  Zergling x2  
  47  4:01  Zergling x2  
  51  4:07  Zergling x2  
  51  4:13  Zergling x2  
  51  4:16  Zergling x8  
  55  4:18  Baneling x2  
  55  4:20  Drone x4  
  55  4:22  Drone  
  60  4:26  Drone  
  60  4:27  Extractor  
  60  4:29  Extractor, Evolution Chamber  
  58  4:31  Roach Warren  
  58  4:33  Drone  
  58  4:35  Drone  
  58  4:37  Drone  
  60  4:41  Drone  
  60  4:44  Drone x2  
  60  4:45  Drone x2  
  65  4:46  Drone  
  65  4:52  Lair  
  66  4:53  Drone x2  
  66  4:55  Drone  
  66  5:00  Drone x3  
  66  5:03  Drone x2  
  66  5:06  Drone x2  
  67  5:11  Drone x2  
  67  5:13  Zerg Missile Weapons Level 1  
  69  5:15  Zergling x2  
  69  5:19  Extractor, Zergling x6  
  69  5:20  Drone  
  69  5:21  Extractor  
  72  5:23  Extractor, Overlord  
  71  5:29  Drone  
  71  5:30  Drone x2  
  73  5:36  Overlord  
  73  5:37  Overlord  
  73  5:43  Baneling  
  71  5:54  Drone x2  
  71  5:55  Glial Reconstitution, Drone x2  
  73  6:00  Hydralisk Den  
  72  6:05  Roach  
  72  6:06  Roach x8  
  72  6:09  Hatchery  
  89  6:11  Drone  
  89  6:12  Drone  
  89  6:14  Drone x2  
  89  6:16  Overlord x2  
  93  6:27  Overlord  
  93  6:29  Lurker Den  
  93  6:31  Roach x2  
  97  6:39  Roach  
  101  6:40  Roach x2  
  101  6:44  Roach x5  
  113  6:48  Roach  
  113  6:49  Roach x3  
  113  6:50  Overlord  
  113  6:52  Overlord x2  
  120  6:59  Overlord  
  120  7:00  Overlord  
  120  7:08  Zerg Missile Weapons Level 2, Drone x2  
  121  7:15  Roach x4  
  129  7:16  Extractor, Roach x4  
  129  7:19  Extractor  
  129  7:20  Hydralisk x2  
  139  7:23  Hydralisk  
  139  7:27  Hydralisk  
  143  7:31  Hydralisk x3  
  149  7:43  Ravager x3  
  152  7:44  Roach  
  152  7:45  Roach x5  
  152  7:50  Overlord  
  164  7:55  Lurker  
  164  7:56  Lurker x2  
  164  7:58  Overlord x2  
  167  8:01  Overlord x2  
  167  8:02  Pneumatized Carapace  
  167  8:12  Overlord  
  167  8:17  Overseer  
  166  8:31  Drone  
  166  8:32  Drone x2  
  166  8:33  Drone  
  161  8:36  Roach x8  
  161  8:37  Roach x6  
  187  8:42  Spore Crawler  
  187  8:43  Roach  
  187  8:44  Roach  
  187  8:45  Hydralisk Den  
  187  8:47  Ravager x2  
  187  8:48  Ravager x3  
  193  8:49  Ravager  
  187  9:04  Roach x6  
  187  9:08  Drone x3  
  192  9:12  Queen  
  192  9:14  Overseer  
  174  9:19  Muscular Augments  
  174  9:22  Roach  
  131  9:33  Drone x5  
  131  9:34  Drone  
  134  9:38  Ravager  
  134  9:39  Ravager  
  134  9:40  Drone  
  134  9:41  Drone  
  134  9:42  Drone  
  139  9:50  Ravager x4  
  139  9:51  Roach  
  145  9:56  Roach  
  149  10:06  Roach x5  
  149  10:07  Roach  
  156  10:13  Roach  
  156  10:14  Roach x2  
  155  10:19  Roach x2  
  152  10:25  Roach  
  154  10:29  Roach  
  154  10:33  Drone x2  
  158  10:38  Drone  
  158  10:39  Drone x2  
  161  10:43  Drone x2  
  161  10:46  Drone x2  
  161  10:49  Drone  
  165  10:50  Drone  
  165  10:51  Drone  
  165  10:54  Drone  
  165  10:55  Drone  
  169  11:00  Lurker Den  
  169  11:10  Roach x3  
  175  11:17  Roach x3  
  179  11:26  Roach x4  
  184  11:35  Roach x4  
  188  11:43  Roach x4  
  191  12:00  Roach x6  
  179  12:08  Roach  
  179  12:09  Roach x4  
  179  12:24  Ravager x4  
  158  12:31  Roach x7  
  158  12:36  Roach  
  158  12:37  Roach x2  
  133  12:49  Roach  
  133  12:50  Roach  
  108  12:58  Roach  
  110  13:05  Roach  
Tags
 
Add a new tag
Caveats
  • Supply blocks, unpowered buildings, or Contaminate may cause inaccurate times.
  • Supply counts are checked every 10 seconds.